 Dungeon Crawl Stone Soup version 0.31-a0-1616-gbeaec30b81 (webtiles) character file.

Game seed: 806700732543318800

210 Drazool the Shooter (level 5, -4/39 HPs)
             Began as a Barachi Hunter on Jan 10, 2024.
             Slain by a kobold brigand
             ... wielding a +0 dagger
              (5 damage)
             ... in a sewer.
             The game lasted 00:08:12 (2230 turns).

Drazool the Shooter (Barachi Hunter)                Turns: 2230, Time: 00:08:13

Health: -4/39      AC:  3    Str: 12    XL:     5   Next: 88%
Magic:  5/5        EV: 12    Int:  8    God:
Gold:   81         SH:  0    Dex: 17    Spells: 4/4 levels left

rFire   + . .        a - +0 shortbow
rCold   + . .        (shield currently unavailable)
rNeg    . . .        c - +0 leather armour
rPois   .            (no helmet)
rElec   .            i - scarf {rC+ rF+}
rCorr   .            (no gloves)
SInv    .            (no boots)
Will    +....        (no amulet)
Stlth   ++           (no ring)
HPRegen 0.26/turn    (no ring)
MPRegen 0.09/turn

%: no passive effects
@: mighty, lethally poisoned (-4 -> -5), slow
A: amphibious, slowness 1, strong legs 1, +LOS, dopey 1, strong-willed 1
a: Hop


You were in a sewer.
You visited 1 branch of the dungeon, and saw 3 of its levels.
You also visited: Sewer.

You collected 81 gold pieces.


Innate Abilities, Weirdness & Mutations

You are amphibious.
You cover ground slowly.
You can hop short distances.
You have an extended range of vision and can be seen from far away.
You are dopey. (Int -2)
You are strong-willed. (Will+)


   Skills:
 - Level 2.4 Fighting
 + Level 6.9 Ranged Weapons
 - Level 2.1 Dodging
 - Level 0.8 Stealth


You had 4 spell levels left.
You didn't know any spells.
Your spell library contained the following spells:

 Spells                   Type           Power      Damage    Failure   Level
 Vhi's Electric Charge    Tloc/Air       0%         N/A       99%         4
 Arcjolt                  Conj/Air       0%         1d10      100%        5
 Maxwell's Capacitive Co  Air            0%         ∞         100%        8

Inventory:

Hand Weapons
 a - a +0 shortbow (weapon)
Armour
 c - a +0 leather armour (worn)
 i - a scarf of resistance (worn)
Jewellery
 C - a ring of ice
Scrolls
 b - a scroll of butterflies
Potions
 d - a potion of degeneration {unknown}
 e - a potion of heal wounds {unknown}
 f - 2 potions of resistance {unknown}
 g - 2 potions of mutation
 h - 2 potions of might

Dungeon Overview and Level Annotations

Branches:
Dungeon (3/15)              Sewer (1/1)

Altars:

Annotations:
D:2 Robin

.....................▒ ▒▒▒▒
...................P.▒.!..▒
P..........†..~......'!...▒
~~P~~..P~~..~~~~.K...'..∩.▒
P~~~P...P~~P~~~~PK...▒....▒
~▒▒▒▒▒▒▒▒▒▒~~~▒▒▒▒▒▒▒▒▒▒▒▒▒▒▒▒▒
~~~~~~~~~~~~~~~~~~~~~~~~~~~~~≈▒
≈≈≈)≈≈≈≈≈~≈≈≈≈≈K≈≈≈≈≈~≈≈≈≈≈~≈≈▒
)~~~~~~~~~~~~~~~@)~~~~~~~~~~~≈▒
▒▒~▒~▒▒▒▒▒▒▒▒▒▒▒▒~~▒▒▒▒▒▒▒▒'▒▒▒
P~~~~~PP.......~P~~P.▒...P▒...▒
.KP~~~.........~~~~..)..∩.▒.∩P▒
..~.~................')...▒.∩.▒
............P........▒)...▒▒▒▒▒
...........÷.......##▒▒▒▒▒▒
.†.....####.....##.# ......##
##########


You could see a kobold brigand.


Message History

You shoot an arrow. The arrow misses the kobold brigand.
The arrow closely misses the kobold brigand.
* * * LOW HITPOINT WARNING * * *
You feel very sick.
You feel sick.
The kobold brigand hits you with a +0 dagger.
* * * LOW HITPOINT WARNING * * *
The kobold brigand completely misses you.
Unknown command.
You shoot an arrow. The arrow hits the kobold brigand.
The kobold brigand is moderately wounded.
* * * LOW HITPOINT WARNING * * *
You feel sick. The kobold brigand barely misses you.
The kobold brigand splashes around in the water.
The kobold brigand hits you with a +0 dagger.
* * * LOW HITPOINT WARNING * * *
You shoot an arrow. The arrow hits the kobold brigand!
The kobold brigand is severely wounded.
* * * LOW HITPOINT WARNING * * *
You feel sick.
The kobold brigand splashes around in the water.
The kobold brigand barely misses you.
You shoot an arrow. The arrow hits the kobold brigand!
You kill the kobold brigand!
You hear a splash. x2
You are ready to hop once more.
* * * LOW HITPOINT WARNING * * *
You feel sick.
The kobold brigand hits you with a +0 dagger.
You die...

Skill      XL: |  1  2  3  4 |
---------------+-------------+-----
Ranged Weapons | 5 6 |  6.9
Fighting       | |  2.4
Dodging        | |  2.1
Stealth        | |  0.8

Action                     |  1- 3 |  4- 6 || total
---------------------------+-------+-------++-------
   Fire: Shortbow          |    96 |   143 ||   239
Ability: Hop               |     1 |     2 ||     3
    Use: Scroll            |       |     2 ||     2
         Potion            |       |     4 ||     4
 Armour: Leather armour    |    16 |    45 ||    61
  Dodge: Dodged            |    24 |    52 ||    76

Levels and vault maps discovered:
D:1:      eino_arrival_cavern_b, layout_basic
D:2:      layout_basic, st_stairs_2, uniq_robin
D:3:      layout_rooms, lightli_sewer_entry_pipes, kennysheep_nub,
          minmay_close_crescents
Sewer:    kennysheep_pipe_town

Notes
Turn   | Place    | Note
-------+----------+-------------------------------------------
     0 | D:1      | Drazool the Barachi Hunter began the quest for the Orb.
     0 | D:1      | Reached XP level 1. HP: 17/17 MP: 1/1
   126 | D:1      | Reached XP level 2. HP: 23/23 MP: 2/2
   530 | D:1      | You fall into a shaft and drop 1 floor!
   558 | D:2      | Reached XP level 3. HP: 26/28 MP: 3/3
   897 | D:2      | Reached skill level 5 in Ranged Weapons
   999 | D:2      | Identified a scarf of resistance
  1295 | D:2      | Reached XP level 4. HP: 34/34 MP: 4/4
  1348 | D:2      | Noticed Robin
  1796 | D:3      | Reached skill level 6 in Ranged Weapons
  1829 | D:3      | Reached XP level 5. HP: 12/39 MP: 5/5
  1928 | D:3      | Found a glowing drain.
  1952 | Sewer    | Entered a sewer
  2072 | Sewer    | Noticed a kobold brigand
  2114 | Sewer    | Killed a kobold brigand
  2209 | Sewer    | Noticed a kobold brigand
  2209 | Sewer    | Noticed a kobold brigand
  2223 | Sewer    | Gained mutation: You are dopey. (Int -2) [potion of
                  | mutation]
  2223 | Sewer    | Gained mutation: You are strong-willed. (Will+) [potion of
                  | mutation]
  2228 | Sewer    | HP: 3/39 [kobold brigand/+0 dagger (2)]
  2230 | Sewer    | Killed a kobold brigand
  2230 | Sewer    | HP: 1/39 [poisoned by a kobold brigand]
  2230 | Sewer    | Slain by a kobold brigand

Vanquished Creatures
  2 kobold brigands (Sewer)
  2 adders
  6 river rats
  A ribbon worm (D:3)
  2 dart slugs
  4 ball pythons
  6 endoplasms (D:2)
  5 giant cockroaches
  8 goblins
  2 hobgoblins
  2 jackals (D:2)
  6 kobolds
  6 bats
  2 frilled lizards
  12 rats
66 creatures vanquished.

Table legend: (Time is in decaauts)
 A = Elapsed time spent in this place.
 B = Non-inter-level travel time spent in this place.
 C = Inter-level travel time spent in this place.
 D = Time resting spent in this place.
 E = Time spent auto-exploring this place.
 F = Levels seen in this place.
 G = Mean time per level.
                   A        B        C        D        E       F      G
               +--------+--------+--------+--------+--------+-----+--------+
         Total |   2584 |   2265 |    319 |    290 |   1414 |   4 |  646.0 |
       Dungeon |   2268 |   1949 |    319 |    290 |   1241 |   3 |  756.0 |
         Sewer |    316 |    316 |      0 |      0 |    173 |   1 |  316.0 |
               +--------+--------+--------+--------+--------+-----+--------+

Top non-repeatable levels by time:
     D:1: 1215 daAuts
     D:2: 840 daAuts
   Sewer: 316 daAuts
     D:3: 211 daAuts

Table legend:
 A = Non-vault XP
 B = Vault XP
 C = Vault XP percentage of total XP
 D = Non-vault monster count
 E = Vault monster count
 F = Vault count percentage of total count
                 A         B        C        D         E       F
            +---------+---------+-------+---------+---------+-------
      Total |      72 |     326 |  81.9 |      32 |      34 |  51.5
            +---------+---------+-------+---------+---------+-------
        D:1 |      42 |       4 |   8.7 |      16 |       2 |  11.1
        D:2 |      30 |      35 |  53.8 |      16 |       8 |  33.3
        D:3 |       0 |      75 | 100.0 |       0 |      10 | 100.0
      Sewer |       0 |     212 | 100.0 |       0 |      14 | 100.0
            +---------+---------+-------+---------+---------+-------
